Map: Newkirk Precinct TE (Void)

Players

Trizztein - Winner!

  • Race: Terran Terran
  • League: Diamond
  • Spawn Location: 5:00

A.I. 1 (Medium)

  • Race: Terran Terran
  • Spawn Location: 7:00

VOD

Have the link to the VOD?

Description

Time

  • Played on: Dec. 13, 2016, 6:01 p.m.
  • Length: 10:34
Show
View Real Time Build Order
Export as new Build Order

Trizztein Terran - Winner!

Build Orders: Mech 

Get SALT Encoding   

  12  0:00  SCV  
  13  0:13  SCV  
  14  0:18  Supply Depot  
  14  0:25  SCV  
  15  0:40  SCV  
  15  0:42  Barracks  
  16  0:46  Refinery  
  16  0:52  SCV  
  17  1:04  SCV  
  18  1:16  SCV  
  19  1:28  SCV  
  20  1:40  SCV  
  20  1:41  Command Center  
  20  1:44  Reaper  
  22  1:51  Supply Depot  
  22  1:53  SCV  
  23  2:09  Factory  
  23  2:12  SCV  
  24  2:16  Refinery  
  24  2:17  Marine  
  25  2:28  Bunker  
  26  2:34  Orbital Command  
  25  2:38  Barracks Reactor  
  25  2:55  Orbital Command  
  25  2:56  Factory Tech Lab  
  25  3:01  Refinery  
  25  3:08  SCV  
  25  3:12  Starport  
  26  3:18  Marine  
  27  3:20  Marine, SCV  
  27  3:22  SCV  
  30  3:32  SCV  
  30  3:34  Siege Tank  
  34  3:37  Marine  
  34  3:38  Marine  
  34  3:40  SCV  
  37  3:44  SCV  
  37  3:47  Supply Depot  
  38  3:52  SCV  
  38  3:53  Starport Tech Lab  
  39  3:56  Marine, SCV  
  39  3:59  Marine  
  42  4:04  SCV  
  42  4:08  SCV  
  44  4:16  Raven  
  44  4:17  SCV  
  47  4:18  Siege Tank  
  47  4:20  SCV  
  51  4:24  Supply Depot  
  51  4:25  Marine x2  
  51  4:29  SCV  
  54  4:45  SCV x2, Refinery  
  54  4:50  Supply Depot  
  56  4:57  Command Center, SCV x2  
  58  5:06  Barracks Reactor  
  58  5:09  Medivac x2  
  58  5:10  Factory  
  58  5:12  SCV x2  
  64  5:15  Siege Tank  
  64  5:19  Supply Depot  
  67  5:24  SCV  
  67  5:26  Armory  
  68  5:33  Engineering Bay  
  68  5:34  Supply Depot  
  68  5:37  SCV x2  
  72  5:43  Viking  
  72  5:49  SCV x2  
  74  6:01  SCV x2  
  76  6:06  Supply Depot  
  76  6:08  Supply Depot  
  76  6:12  Orbital Command  
  76  6:13  SCV x2  
  78  6:23  Refinery  
  78  6:25  Refinery, SCV, Terran Vehicle Weapons Level 1  
  78  6:26  SCV, Factory  
  78  6:27  Hellion x2  
  78  6:29  Cyclone  
  87  6:38  SCV x2  
  89  6:41  SCV  
  89  6:44  Supply Depot  
  90  6:47  Supply Depot  
  90  6:50  SCV x2  
  90  6:51  Cyclone x2  
  90  6:53  Viking  
  100  7:09  SCV x3  
  100  7:10  Siege Tank x2  
  100  7:14  Viking  
  111  7:18  Supply Depot  
  111  7:21  SCV x3  
  111  7:22  Supply Depot  
  114  7:24  Hellion x2  
  114  7:25  Missile Turret x2  
  118  7:33  SCV x2  
  118  7:35  SCV  
  118  7:36  Armory  
  121  7:42  Hellion  
  123  7:52  Command Center  
  123  7:56  Cyclone x2, Siege Tank  
  133  8:00  Supply Depot x2  
  132  8:07  Siege Tank  
  134  8:26  Barracks Reactor  
  134  8:27  Factory  
  134  8:28  Viking, Siege Tank  
  134  8:29  Viking, Factory  
  134  8:30  Hellion x2  
  134  8:31  Terran Vehicle And Ship Armor Level 1, Starport  
  145  8:42  Infernal Pre-Igniter  
  145  8:50  Siege Tank  
  145  8:55  Hellion x2  
  152  9:00  Siege Tank  
  155  9:05  Planetary Fortress  
  155  9:11  Refinery  
  155  9:16  Refinery  
  155  9:29  Sensor Tower  
  155  9:32  Siege Tank  
  155  9:34  Cyclone x2  
  155  9:35  Siege Tank  
  155  9:37  Missile Turret  
Show
View Real Time Build Order
Export as new Build Order

A.I. 1 (Medium) Terran 

Build Orders:  

Get SALT Encoding   

  12  0:00  SCV  
  13  0:13  SCV  
  14  0:20  Supply Depot  
  14  0:25  SCV  
  15  0:42  SCV  
  16  0:44  Barracks  
  16  0:49  Refinery  
  16  0:54  SCV  
  17  1:06  SCV  
  18  1:17  Supply Depot  
  18  1:31  Marine  
  19  1:33  Orbital Command  
  19  1:34  Barracks  
  19  1:44  Refinery  
  19  1:50  Barracks Tech Lab  
  19  2:03  Factory  
  19  2:08  Marine  
  20  2:26  Marine  
  20  2:28  Marine, Supply Depot  
  22  2:43  Marine  
  23  2:46  Hellion  
  23  2:49  SCV  
  26  2:54  Marine  
  27  3:01  SCV  
  27  3:02  Marine  
  27  3:03  Engineering Bay  
  29  3:09  Supply Depot  
  29  3:10  Hellion  
  31  3:14  SCV  
  32  3:26  SCV  
  33  3:32  Hellion  
  35  3:38  SCV  
  36  3:50  SCV  
  36  4:18  SCV  
  37  5:04  SCV, Barracks Tech Lab, Marauder  
  37  5:06  Factory Tech Lab, Factory  
  40  5:07  Supply Depot  
  40  5:08  Missile Turret  
  40  5:11  Missile Turret  
  40  5:17  Command Center, Sensor Tower  
  40  5:19  Armory  
  40  5:20  SCV  
  41  5:25  Marine  
  42  5:30  Marauder  
  42  5:31  Starport  
  42  5:35  Ghost Academy  
  38  5:43  Marauder  
  33  5:50  Factory Tech Lab  
  33  5:51  Marauder  
  35  6:04  Marine  
  35  6:08  Starport Tech Lab  
  36  6:12  Marine  
  37  6:22  Marine  
  37  6:23  Bunker  
  38  6:27  Raven  
  38  6:30  Marine  
  38  6:32  SCV  
  42  6:33  Barracks  
  42  6:36  SCV  
  43  6:40  Marine  
  43  6:44  SCV  
  45  6:48  SCV  
  45  6:50  Marine, Missile Turret  
  47  6:56  SCV  
  47  6:57  Missile Turret  
  47  7:00  SCV, Marine  
  38  7:08  SCV  
  38  7:10  Raven, Ghost  
  38  7:12  SCV  
  31  7:20  Marine, SCV  
  17  7:30  SCV  
  16  7:37  SCV  
  16  7:38  Marine  
  16  7:43  Marauder  
  17  7:45  SCV  
  17  7:54  SCV  
  14  8:01  SCV  
  14  8:07  SCV  
  14  8:14  SCV  
  13  8:26  SCV  
  11  9:12  SCV  
  12  9:22  Marine  
  12  9:24  SCV  
  14  9:36  SCV  
  15  9:39  Marine  
Tags
 
Composition
Mech
League
Diamond
Matchup
TvT
Race
Terran
Spawn Locations
Close Positions
Add a new tag
Caveats
  • Supply blocks, unpowered buildings, or Contaminate may cause inaccurate times.
  • Supply counts are checked every 10 seconds.